| TOP OF THE 1ST |
|
Burlington Royals batting - Pitching for Great Falls Voyagers : RHP Andy Gibson
|
|
Pitching: RHP Andy Gibson
|
|
|
Batting: RHB Tim Persson
|
0-0: Foul Ball, location: 2F 0-1: Ball 1-1: Called Strike 1-2: Foul Ball, location: 2F 1-2: Ball 2-2: Strikes out swinging
|
|
Batting: LHB Ernesto Abreu
|
0-0: Ball 1-0: Ball 2-0: Swinging Strike 2-1: Foul Ball, location: 2F 2-2: Ball 3-2: SINGLE (Groundball, 6MD, EV 95.6 MPH)
|
|
Batting: SHB Manny Berrones
|
0-0: Ball 1-0: Called Strike 1-1: Swinging Strike 1-2: Ball 2-2: SINGLE (Line Drive, 5D, EV 95.6 MPH) Ernesto Abreu to second
|
|
Batting: SHB Danny Ballenger
|
0-0: Called Strike 0-1: Foul Ball, location: 2F 0-2: Fly out, F6 (Line Drive, 6, EV 60.6 MPH)
|
|
Batting: RHB Rob Ward
|
0-0: DOUBLE (Line Drive, 89M, EV 107.5 MPH) Ernesto Abreu scores Manny Berrones to third
|
|
Batting: LHB Bobby Gonzalez
|
0-0: Called Strike 0-1: Swinging Strike 0-2: Ball 1-2: Strikes out looking
|
| Top of the 1st over - 1 run, 3 hits, 0 errors, 2 left on base; Burlington 1 - Great Falls 0 |
| BOTTOM OF THE 1ST |
|
Great Falls Voyagers batting - Pitching for Burlington Royals : RHP Matt Slater
|
|
Pitching: RHP Matt Slater
|
|
|
Batting: RHB Andy Cotton
|
0-0: Foul Ball, location: 2F 0-1: Foul Ball, location: 2F 0-2: Ground out 6-3 (Groundball, 6M, EV 80.0 MPH)
|
|
Batting: SHB Jose Romo
|
0-0: Ball 1-0: Ground out U3 (Groundball, 34S, EV 78.8 MPH)
|
|
Batting: LHB Carlos Ramirez
|
0-0: Foul Ball, location: 2F 0-1: Swinging Strike 0-2: Ball 1-2: Foul Ball, location: 2F 1-2: Strikes out swinging
|
| Bottom of the 1st over - 0 runs, 0 hits, 0 errors, 0 left on base; Burlington 1 - Great Falls 0 |
| TOP OF THE 2ND |
|
Burlington Royals batting - Pitching for Great Falls Voyagers : RHP Andy Gibson
|
|
Batting: SHB Marcos Cortez
|
0-0: Ball 1-0: Ball 2-0: Ball 3-0: Base on Balls
|
|
Batting: RHB Shane Bruce
|
0-0: Ball 1-0: 2-RUN HOME RUN (Flyball, 7D, EV 97.5 MPH), Distance : 393 ft
|
|
Batting: RHB Matthew Orphan
|
0-0: Ball 1-0: Swinging Strike 1-1: Swinging Strike 1-2: Ball 2-2: Strikes out swinging
|
|
Batting: RHB Tim Persson
|
0-0: Ball 1-0: Ball 2-0: Ball 3-0: Foul Ball, location: 2F 3-1: Foul Ball, location: 2F 3-2: Foul Ball, location: 2F 3-2: Foul Ball, location: 2F 3-2: Strikes out swinging
|
|
Batting: LHB Ernesto Abreu
|
0-0: Called Strike 0-1: Ball 1-1: Ball 2-1: Ball 3-1: Base on Balls
|
|
Batting: SHB Manny Berrones
|
0-0: Called Strike 0-1: SINGLE (Line Drive, 89S, EV 100.0 MPH) Ernesto Abreu to second
|
|
Batting: SHB Danny Ballenger
|
0-0: Called Strike 0-1: Swinging Strike 0-2: Ball 1-2: Strikes out swinging
|
| Top of the 2nd over - 2 runs, 2 hits, 0 errors, 2 left on base; Burlington 3 - Great Falls 0 |
| BOTTOM OF THE 2ND |
|
Great Falls Voyagers batting - Pitching for Burlington Royals : RHP Matt Slater
|
|
Batting: RHB Vic Lucatero
|
0-0: Called Strike 0-1: Ball 1-1: Ball 2-1: DOUBLE (Flyball, 89D, EV 93.8 MPH)
|
|
Batting: LHB Josh Pittman
|
0-0: 2-RUN HOME RUN (Flyball, 89XD, EV 100.0 MPH), Distance : 405 ft
|
|
Batting: SHB Matt Childers
|
0-0: Ball 1-0: Foul Ball, location: 2F 1-1: Ball 2-1: Swinging Strike 2-2: Strikes out swinging, 2-3 out at first.
|
|
Batting: RHB Chris LaMore
|
0-0: Foul Ball, location: 2F 0-1: Ball 1-1: Ball 2-1: Fly out, F5 (Flyball, 5D, EV 86.2 MPH)
|
|
Batting: RHB Tommy Ellington
|
0-0: Hit by Pitch
|
|
Batting: RHB Billy Grubbs
|
0-0: Foul Ball, location: 2F 0-1: Ball 1-1: Ball 2-1: Foul Ball, location: 2F 2-2: Strikes out swinging
|
| Bottom of the 2nd over - 2 runs, 2 hits, 0 errors, 1 left on base; Burlington 3 - Great Falls 2 |
| TOP OF THE 3RD |
|
Burlington Royals batting - Pitching for Great Falls Voyagers : RHP Andy Gibson
|
|
Batting: RHB Rob Ward
|
0-0: Ball 1-0: Ball 2-0: Ball 3-0: Called Strike 3-1: Called Strike 3-2: Base on Balls
|
|
Batting: LHB Bobby Gonzalez
|
0-0: Ball 1-0: Foul Ball, location: 2F 1-1: Foul Ball, location: 2F 1-2: Fielders Choice at 2nd, 6-4 (Groundball, 6, EV 100.0 MPH)
|
|
Batting: SHB Marcos Cortez
|
0-0: Ball 1-0: SINGLE (Groundball, 34D, EV 101.2 MPH) Bobby Gonzalez to second Runner from 2nd tries for 3rd, SAFE, throw by RF made to third
|
|
Batting: RHB Shane Bruce
|
0-0: Swinging Strike 0-1: Fielders Choice at 2nd, 6-4 (Groundball, 6M, EV 106.2 MPH) Bobby Gonzalez scores
|
|
Batting: RHB Matthew Orphan
|
0-0: Ball 1-0: Ball 2-0: Called Strike 2-1: Foul Ball, location: 2F 2-2: Strikes out swinging
|
| Top of the 3rd over - 1 run, 1 hit, 0 errors, 1 left on base; Burlington 4 - Great Falls 2 |
| BOTTOM OF THE 3RD |
|
Great Falls Voyagers batting - Pitching for Burlington Royals : RHP Matt Slater
|
|
Batting: RHB Andy Cotton
|
0-0: Called Strike 0-1: Foul Ball, location: 2F 0-2: Ball 1-2: Ball 2-2: Foul Ball, location: 2F 2-2: Strikes out swinging
|
|
Batting: SHB Jose Romo
|
0-0: Ground out 5-3 (Groundball, 56, EV 78.8 MPH)
|
|
Batting: LHB Carlos Ramirez
|
0-0: Foul Ball, location: 2F 0-1: Swinging Strike 0-2: Ball 1-2: Strikes out swinging
|
| Bottom of the 3rd over - 0 runs, 0 hits, 0 errors, 0 left on base; Burlington 4 - Great Falls 2 |
| TOP OF THE 4TH |
|
Burlington Royals batting - Pitching for Great Falls Voyagers : RHP Andy Gibson
|
|
Batting: RHB Tim Persson
|
0-0: Ball 1-0: Ball 2-0: Called Strike 2-1: Foul Ball, location: 2F 2-2: Strikes out looking
|
|
Batting: LHB Ernesto Abreu
|
0-0: Swinging Strike 0-1: Ball 1-1: Foul Ball, location: 2F 1-2: Foul Ball, location: 2F 1-2: Foul Ball, location: 2F 1-2: Strikes out swinging, 2-3 out at first.
|
|
Batting: SHB Manny Berrones
|
0-0: Ball 1-0: Called Strike 1-1: Ground out 6-3 (Groundball, 4M, EV 86.2 MPH)
|
| Top of the 4th over - 0 runs, 0 hits, 0 errors, 0 left on base; Burlington 4 - Great Falls 2 |
| BOTTOM OF THE 4TH |
|
Great Falls Voyagers batting - Pitching for Burlington Royals : RHP Matt Slater
|
|
Batting: RHB Vic Lucatero
|
0-0: Foul Ball, location: 2F 0-1: SINGLE (Groundball, 34D, EV 95.6 MPH)
|
|
Batting: LHB Josh Pittman
|
0-0: Called Strike 0-1: Foul Ball, location: 2F 0-2: Ball 1-2: Foul Ball, location: 2F 1-2: Ball 2-2: Strikes out looking
|
|
Batting: SHB Matt Childers
|
0-0: Ball 1-0: Swinging Strike 1-1: Called Strike Vic Lucatero steals 2nd base 1-2: Ball 2-2: Ground out 6-3 (Groundball, 6, EV 101.9 MPH)
|
|
Batting: RHB Chris LaMore
|
0-0: Called Strike 0-1: Ball 1-1: Ball 2-1: Ball 3-1: Called Strike 3-2: Ground out 5-3 (Groundball, 56S, EV 72.5 MPH)
|
| Bottom of the 4th over - 0 runs, 1 hit, 0 errors, 1 left on base; Burlington 4 - Great Falls 2 |
| TOP OF THE 5TH |
|
Burlington Royals batting - Pitching for Great Falls Voyagers : RHP Andy Gibson
|
|
Pitching: RHP Ivan Gaona
|
|
|
Batting: SHB Danny Ballenger
|
0-0: Foul Ball, location: 2F 0-1: Ball 1-1: Foul Ball, location: 2F 1-2: Ball 2-2: Ball 3-2: Strikes out swinging
|
|
Batting: RHB Rob Ward
|
0-0: Called Strike 0-1: Foul Ball, location: 2F 0-2: Foul Ball, location: 2F 0-2: Ball 1-2: Strikes out swinging
|
|
Batting: LHB Bobby Gonzalez
|
0-0: Ball 1-0: Called Strike 1-1: Fly out, F9 (Flyball, 9D, EV 97.5 MPH)
|
| Top of the 5th over - 0 runs, 0 hits, 0 errors, 0 left on base; Burlington 4 - Great Falls 2 |
| BOTTOM OF THE 5TH |
|
Great Falls Voyagers batting - Pitching for Burlington Royals : RHP Matt Slater
|
|
Batting: RHB Tommy Ellington
|
0-0: Called Strike 0-1: Called Strike 0-2: Ball 1-2: Ground out 1-3 (Groundball, 13S, EV 72.5 MPH)
|
|
Batting: RHB Billy Grubbs
|
0-0: Foul Ball, location: 2F 0-1: Ground out 4-3 (Groundball, 34, EV 105.0 MPH)
|
|
Batting: RHB Andy Cotton
|
0-0: Ball 1-0: Ball 2-0: Ball 3-0: Called Strike 3-1: Base on Balls
|
|
Batting: SHB Jose Romo
|
0-0: Ball 1-0: DOUBLE (Line Drive, 89D, EV 105.6 MPH) Andy Cotton to third Runner from 3rd tries for Home, SAFE, no throw by RF
|
|
Batting: LHB Carlos Ramirez
|
0-0: Foul Ball, location: 2F 0-1: Swinging Strike 0-2: Ground out 4-3 (Groundball, 4, EV 81.9 MPH)
|
| Bottom of the 5th over - 1 run, 1 hit, 0 errors, 1 left on base; Burlington 4 - Great Falls 3 |
| TOP OF THE 6TH |
|
Burlington Royals batting - Pitching for Great Falls Voyagers : RHP Ivan Gaona
|
|
Batting: SHB Marcos Cortez
|
0-0: Ball 1-0: Foul Ball, location: 2F 1-1: Fly out, F4 (Popup, 23, EV 83.1 MPH)
|
|
Batting: RHB Shane Bruce
|
0-0: Called Strike 0-1: Ground out 6-3 (Groundball, 6, EV 86.9 MPH)
|
|
Batting: RHB Matthew Orphan
|
0-0: Ball 1-0: Ball 2-0: Ball 3-0: Called Strike 3-1: Ground out 6-3 (Groundball, 56, EV 89.4 MPH)
|
| Top of the 6th over - 0 runs, 0 hits, 0 errors, 0 left on base; Burlington 4 - Great Falls 3 |
| BOTTOM OF THE 6TH |
|
Great Falls Voyagers batting - Pitching for Burlington Royals : RHP Matt Slater
|
|
Batting: RHB Vic Lucatero
|
0-0: Fly out, F9 (Flyball, 9S, EV 91.2 MPH)
|
|
Batting: LHB Josh Pittman
|
0-0: Swinging Strike 0-1: Called Strike 0-2: Strikes out swinging
|
|
Batting: SHB Matt Childers
|
0-0: Called Strike 0-1: Ground out U3 (Groundball, 3, EV 83.8 MPH)
|
| Bottom of the 6th over - 0 runs, 0 hits, 0 errors, 0 left on base; Burlington 4 - Great Falls 3 |
| TOP OF THE 7TH |
|
Burlington Royals batting - Pitching for Great Falls Voyagers : RHP Ivan Gaona
|
|
Batting: RHB Tim Persson
|
0-0: Called Strike 0-1: Ball 1-1: Called Strike 1-2: Ball 2-2: Foul Ball, location: 2F 2-2: Fly out, F9 (Flyball, 9LS, EV 91.2 MPH)
|
|
Batting: LHB Ernesto Abreu
|
0-0: Called Strike 0-1: Ball 1-1: Foul Ball, location: 2F 1-2: Ball 2-2: Ground out 3-1 (Groundball, 34, EV 103.8 MPH)
|
|
Batting: SHB Manny Berrones
|
0-0: Called Strike 0-1: Ball 1-1: Fly out, F9 (Flyball, 9LS, EV 76.2 MPH)
|
| Top of the 7th over - 0 runs, 0 hits, 0 errors, 0 left on base; Burlington 4 - Great Falls 3 |
| BOTTOM OF THE 7TH |
|
Great Falls Voyagers batting - Pitching for Burlington Royals : RHP Matt Slater
|
|
Batting: RHB Chris LaMore
|
0-0: Swinging Strike 0-1: SINGLE (Groundball, 6MD, EV 100.0 MPH)
|
|
Batting: RHB Tommy Ellington
|
0-0: Fielders Choice at 2nd, 6-4 (Groundball, 6, EV 87.5 MPH)
|
|
Batting: RHB Billy Grubbs
|
0-0: Ball 1-0: Ball Tommy Ellington steals 2nd base 2-0: Ball 3-0: Hit by Pitch
|
|
Batting: RHB Andy Cotton
|
0-0: Ball 1-0: Ball Wild Pitch! Tommy Ellington to third Billy Grubbs to second 2-0: Called Strike 2-1: Foul Ball, location: 2F 2-2: Foul Ball, location: 2F 2-2: Foul Ball, location: 2F 2-2: Ball 3-2: Fly out, F7 (Flyball, 78D, EV 89.4 MPH) Runner from 3rd tags up, OUT at HOME! 7-2
|
| Bottom of the 7th over - 0 runs, 1 hit, 0 errors, 1 left on base; Burlington 4 - Great Falls 3 |
| TOP OF THE 8TH |
|
Burlington Royals batting - Pitching for Great Falls Voyagers : RHP Ivan Gaona
|
|
Pitching: LHP Matt Donnelly
|
|
|
Batting: SHB Danny Ballenger
|
0-0: Ball 1-0: Ball 2-0: Ball 3-0: Called Strike 3-1: Called Strike 3-2: Base on Balls
|
|
Batting: RHB Rob Ward
|
0-0: Called Strike 0-1: Ball 1-1: Ball 2-1: Hit by Pitch Danny Ballenger to second
|
|
Batting: LHB Bobby Gonzalez
|
0-0: Fielders Choice at 2nd, 6-4 (Groundball, 6, EV 108.1 MPH) Danny Ballenger to third
|
|
Batting: SHB Marcos Cortez
|
0-0: Ball 1-0: Called Strike Bobby Gonzalez steals 2nd base 1-1: 3-RUN HOME RUN (Flyball, 7LD, EV 90.0 MPH), Distance : 342 ft
|
|
Pitching: RHP Frank Gamez
|
|
|
Batting: RHB Shane Bruce
|
0-0: Ball 1-0: Called Strike 1-1: Swinging Strike 1-2: Ball 2-2: Ground out 3-1 (Groundball, 13, EV 81.2 MPH)
|
|
Batting: RHB Matthew Orphan
|
0-0: Called Strike 0-1: Ball 1-1: Swinging Strike 1-2: Ball 2-2: Strikes out swinging
|
| Top of the 8th over - 3 runs, 1 hit, 0 errors, 0 left on base; Burlington 7 - Great Falls 3 |
| BOTTOM OF THE 8TH |
|
Great Falls Voyagers batting - Pitching for Burlington Royals : RHP Matt Slater
|
|
Pitching: LHP Jake Warwick
|
|
|
Batting: SHB Jose Romo
|
0-0: Called Strike 0-1: Called Strike 0-2: Ball 1-2: Strikes out swinging
|
|
Batting: LHB Carlos Ramirez
|
0-0: Ball 1-0: Swinging Strike 1-1: Ball 2-1: Ground out 6-3 (Groundball, 6, EV 87.5 MPH)
|
|
Batting: RHB Vic Lucatero
|
0-0: Ball 1-0: Ball 2-0: Ball 3-0: Base on Balls
|
|
Batting: LHB Josh Pittman
|
0-0: Called Strike 0-1: Called Strike 0-2: Fly out, F6 (Popup, 6M, EV 74.4 MPH)
|
| Bottom of the 8th over - 0 runs, 0 hits, 0 errors, 1 left on base; Burlington 7 - Great Falls 3 |
| TOP OF THE 9TH |
|
Burlington Royals batting - Pitching for Great Falls Voyagers : RHP Frank Gamez
|
|
Batting: RHB Tim Persson
|
0-0: Ball 1-0: Called Strike 1-1: Ball 2-1: Swinging Strike 2-2: Foul Ball, location: 2F 2-2: Ball 3-2: Foul Ball, location: 2F 3-2: Strikes out swinging
|
|
Batting: LHB Ernesto Abreu
|
0-0: Ball 1-0: Fly out, F7 (Line Drive, 7D, EV 89.4 MPH)
|
|
Batting: SHB Manny Berrones
|
0-0: Called Strike 0-1: Foul Ball, location: 2F 0-2: Strikes out looking
|
| Top of the 9th over - 0 runs, 0 hits, 0 errors, 0 left on base; Burlington 7 - Great Falls 3 |
| BOTTOM OF THE 9TH |
|
Great Falls Voyagers batting - Pitching for Burlington Royals : LHP Jake Warwick
|
|
Batting: SHB Matt Childers
|
0-0: Ball 1-0: Called Strike 1-1: Ball 2-1: Ball 3-1: Called Strike 3-2: Base on Balls
|
|
Batting: RHB Duncan Collins
|
0-0: Ball 1-0: Swinging Strike 1-1: Ball 2-1: Called Strike 2-2: Ball 3-2: Base on Balls Matt Childers to second
|
|
Batting: RHB Tommy Ellington
|
0-0: Called Strike 0-1: Foul Ball, location: 2F 0-2: Ball 1-2: Ball 2-2: Strikes out swinging
|
|
Batting: RHB Billy Grubbs
|
0-0: Ball 1-0: Ball 2-0: Ball 3-0: Base on Balls Matt Childers to third Duncan Collins to second
|
|
Batting: RHB Andy Cotton
|
0-0: Ball 1-0: Ball 2-0: Called Strike 2-1: Foul Ball, location: 2F 2-2: Ball 3-2: Strikes out swinging
|
|
Pinch Hitting: RHB Josh Newby
|
0-0: Called Strike 0-1: Ball 1-1: Called Strike 1-2: Ball 2-2: Strikes out swinging
|
| Bottom of the 9th over - 0 runs, 0 hits, 0 errors, 3 left on base; Burlington 7 - Great Falls 3 |
|